 Dungeon Crawl Stone Soup version 0.21.1-1-g345015fe64 (webtiles) character file.

9899 BoonShekel the Fighter (level 11, 0/93 HPs)
             Began as a Vine Stalker Ice Elementalist on Mar 16, 2018.
             Was a Believer of Wu Jian.
             Succumbed to Grum's poison
             ... on level 10 of the Dungeon.
             The game lasted 00:37:17 (11078 turns).

BoonShekel the Fighter (VSIE)                      Turns: 11078, Time: 00:37:18

Health: 0/93       AC: 10    Str: 16    XL:     11   Next: 53%
Magic:  17/24      EV: 14    Int: 16    God:    Wu Jian [**....]
Gold:   482        SH:  0    Dex: 19    Spells: 20/26 levels left

rFire    . . .     SeeInvis .   s - +4 rapier (speed)
rCold    . . .     Gourm    .   (no shield)
rNeg     . . .     Faith    .   z - +2 robe {MR+}
rPois    .         Spirit   +   n - +2 helmet
rElec    .         Reflect  .   E - +0 cloak
rCorr    .         Harm     .   (no gloves)
MR       ++...                  r - +1 pair of boots
Stlth    ..........             (no amulet)
HPRegen  0.65/turn              j - +3 ring of evasion
MPRegen  0.19/turn              K - +2 ring of dexterity

@: mighty, berserking, lethally poisoned (0 -> -5), very heavily drained, very
quick
A: fangs 3, regeneration 1, magic shield, antimagic bite, no potion heal 3, rot
immunity
a: Wall Jump, Renounce Religion


You were on level 10 of the Dungeon.
You worshipped Wu Jian.
Wu Jian was pleased with you.
You were near starving.

You visited 2 branches of the dungeon, and saw 11 of its levels.

You collected 482 gold pieces.

Inventory:

Hand Weapons
 d - a +1 short sword
 i - a +2 scythe of protection
 s - a +4 rapier of speed (weapon)
 A - a +0 dagger of venom
 C - the +4 battleaxe of the End of Times {chop, rElec Str+3 Int-4}
   (You found it on level 6 of the Dungeon)

   It inflicts extra damage upon your enemies.
   It affects your strength (+3).
   It affects your intelligence (-4).
   It insulates you from electricity.
 O - a +2 short sword of draining
Missiles
 p - 431 stones (quivered)
Armour
 a - a +1 robe
 m - a +1 scale mail of cold resistance
 n - a +2 helmet (worn)
 r - a +1 pair of boots (worn)
 z - a +2 robe of magic resistance (worn)
 E - a +0 cloak (worn)
 L - a +2 robe of cold resistance
Magical Staves
 N - an uncursed staff of wizardry
Jewellery
 j - a +3 ring of evasion (left hand)
 v - an uncursed ring of poison resistance
 K - a +2 ring of dexterity (right hand)
 P - a +3 ring of strength {unknown}
Wands
 y - a wand of scattershot (4)
 J - a wand of iceblast (9)
Scrolls
 e - 6 scrolls of amnesia
 h - 2 scrolls of teleportation
 q - 4 scrolls of remove curse
 w - a scroll of enchant weapon
 F - 3 scrolls of enchant armour
 G - 5 scrolls of magic mapping
 M - a scroll of identify
Potions
 c - a potion of curing {unknown}
 f - a potion of resistance {unknown}
 g - a potion of agility
 k - a potion of berserk rage
 l - a potion of flight {unknown}
 t - 2 potions of degeneration {unknown}
 u - 3 potions of brilliance
 x - a potion of lignification {unknown}
 B - a potion of ambrosia {unknown}
 H - 2 potions of invisibility
 I - a potion of magic {unknown}
Books
 b - a book of Frost

   Spells                             Type                      Level
   a - Freeze                         Ice                          1
   b - Throw Frost                    Conjuration/Ice              2
   c - Ozocubu's Armour               Charms/Ice                   3
   d - Throw Icicle                   Conjuration/Ice              4
   e - Summon Ice Beast               Ice/Summoning                4
Comestibles
 o - 9 rations


   Skills:
 + Level 9.1(4.8) Fighting
 + Level 6.0(2.0) Short Blades
 + Level 6.0(2.0) Armour
 - Level 1.5(0.0) Dodging
 - Level 2.4(0.0) Stealth
 + Level 8.1(3.9) Spellcasting
 + Level 4.7(0.9) Conjurations
 - Level 6.9(2.8) Ice Magic


You had 20 spell levels left.
You knew the following spells:

 Your Spells              Type           Power        Failure   Level  Hunger
a - Throw Icicle          Conj/Ice       #.......     61%         4    ####...
b - Throw Frost           Conj/Ice       #.....       12%         2    ##.....


Dungeon Overview and Level Annotations

Branches:
Dungeon (10/15)            Temple (1/1) D:4            Lair (0/6) D:10
    Orc (0/2) D:9

Altars:
Ashenzari
Cheibriados
Dithmenos
Elyvilon
Fedhas
Gozag
Hepliaklqana
Kikubaaqudgha
Makhleb
Nemelex Xobeh
Okawaru
Qazlal
Ru
Sif Muna
Trog
Uskayaw
Vehumet
Wu Jian
Xom
Yredelemnul
Zin
The Shining One


Innate Abilities, Weirdness & Mutations

You have razor-sharp teeth.
Your natural rate of healing is unusually fast.
When hurt, damage is shared between your health and your magic reserves.
Your bite disrupts and absorbs the magic of your enemies.
Potions cannot restore your health.
You are immune to rotting.


Message History

* * * LOW HITPOINT WARNING * * *
You closely miss the wolf. You bite the wolf! You drain its power.
You feel invigorated.
The wolf is almost dead.
* * * LOW HITPOINT WARNING * * *
You feel sick. The wolf bites you.
* * * LOW HITPOINT WARNING * * *
You closely miss the wolf.
The wolf is almost dead.
* * * LOW HITPOINT WARNING * * *
You feel sick. The wolf bites you.
You puncture the wolf!
You kill the wolf!
The Council accepts your kill.
* * * LOW HITPOINT WARNING * * *
You feel sick.
It was a potion of berserk rage.
A red film seems to cover your vision as you go berserk!
You feel yourself moving faster!
You feel mighty!
You die...

#..# # ##.# # #.# #.#
#####'### # #.......#
####.## #####.......#
.......##...'.......#
......))@.###.......#
.......#### #.......#
....... #.......+
....... #.......#
####### ##+######


There were no monsters in sight!

Vanquished Creatures
  Harold (D:9)
  Erica (D:8)
  Sonja (D:9)
  Pikel (D:5)
  An elephant (D:10)
  A gargoyle (D:10)
  2 trolls (D:9)
  A merfolk (D:9)
  Grinder (D:3)
  A hornet (D:8)
  A hippogriff (D:9)
  Sigmund (D:3)
  A wraith (D:9)
  A wyvern (D:5)
  7 yaks (D:8)
  Grum (D:10)
  2 basilisks
  Eustachio (D:4)
  A warg (D:9)
  Duvessa (D:4)
  Edmund (D:5)
  3 orc warriors
  A sky beast (D:5)
  5 ogres
  3 wolves (D:10)
  A centaur (D:4)
  4 bullfrogs
  Dowan (D:4)
  A water moccasin skeleton (D:10)
  3 scorpions (D:4)
  4 killer bees (D:7)
  4 wights (D:8)
  A howler monkey (D:8)
  4 crimson imps
  5 hounds
  2 jellies
  4 orc priests
  8 orc wizards
  2 centaur skeletons
  A bullfrog skeleton (D:5)
  2 iguanas
  Natasha (thrice) (D:1)
  6 worker ants
  A killer bee zombie (D:8)
  A worker ant zombie (D:5)
  Robin (D:1)
  19 adders
  An ooze (D:3)
  2 adder zombies
  6 worms
  A dart slug (D:1)
  A leopard gecko (D:7)
  25 orcs
  11 bats
  4 giant cockroaches
  20 goblins
  13 hobgoblins
  5 jackals
  8 kobolds
  2 quokkas
  4 frilled lizards
  A leopard gecko skeleton (D:4)
  6 rats
229 creatures vanquished.

Vanquished Creatures (others)
  A fungus (D:10)
1 creature vanquished.

Grand Total: 230 creatures vanquished

Notes
Turn   | Place    | Note
-------+----------+-------------------------------------------
     0 | D:1      | BoonShekel the Vine Stalker Ice Elementalist began the quest for the Orb.
     0 | D:1      | Reached XP level 1. HP: 9/9 MP: 4/4
   476 | D:1      | Reached XP level 2. HP: 14/14 MP: 6/6
   480 | D:1      | Learned a level 2 spell: Throw Frost
   550 | D:1      | Reached skill level 1 in Fighting
  1027 | D:1      | Reached XP level 3. HP: 18/18 MP: 0/7
  1509 | D:2      | Noticed Natasha
  1635 | D:1      | Killed Natasha
  1635 | D:1      | Reached skill level 2 in Fighting
  2011 | D:1      | Noticed Natasha
  2023 | D:1      | Killed Natasha
  2023 | D:1      | Gained mutation: Your natural rate of healing is unusually fast. [Vine Stalker growth]
  2023 | D:1      | Reached XP level 4. HP: 7/23 MP: 3/9
  2198 | D:1      | Noticed Natasha
  2208 | D:1      | Killed Natasha
  2352 | D:2      | Reached XP level 5. HP: 22/27 MP: 6/10
  2385 | D:2      | Learned a level 4 spell: Throw Icicle
  2762 | D:2      | Noticed Robin
  2776 | D:1      | Killed Robin
  2776 | D:1      | Reached skill level 3 in Fighting
  3811 | D:3      | Noticed Sigmund
  3942 | D:3      | Killed Sigmund
  3942 | D:3      | Reached skill level 1 in Armour
  3942 | D:3      | Reached XP level 6. HP: 19/33 MP: 6/12
  4035 | D:3      | Noticed Grinder
  4063 | D:3      | Killed Grinder
  4063 | D:3      | Reached skill level 4 in Fighting
  4063 | D:3      | Reached XP level 7. HP: 37/38 MP: 12/14
  4785 | D:4      | Noticed Eustachio
  4800 | D:4      | Killed Eustachio
  4800 | D:4      | Reached skill level 5 in Ice Magic
  4874 | D:4      | Reached skill level 5 in Fighting
  4883 | D:4      | Gained mutation: You have razor-sharp teeth. [Vine Stalker growth]
  4883 | D:4      | Reached XP level 8. HP: 43/43 MP: 10/15
  4901 | D:4      | Found a staircase to the Ecumenical Temple.
  4915 | D:5      | Entered Level 5 of the Dungeon
  4965 | Temple   | Entered the Ecumenical Temple
  5043 | Temple   | Became a worshipper of the Wu Jian Council
  5307 | D:4      | Reached skill level 1 in Short Blades
  5441 | D:4      | Found a blossoming altar of Fedhas.
  5544 | D:4      | Noticed Duvessa
  5544 | D:4      | Noticed Dowan
  5588 | D:4      | Killed Duvessa
  5588 | D:4      | Reached skill level 5 in Spellcasting
  5592 | D:4      | Killed Dowan
  5922 | D:5      | Noticed a wyvern
  5932 | D:5      | Killed a wyvern
  5932 | D:5      | Reached skill level 6 in Fighting
  6071 | D:5      | Reached XP level 9. HP: 49/49 MP: 13/18
  6099 | D:5      | Noticed Edmund
  6142 | D:5      | Killed Edmund
  6497 | D:5      | Noticed Pikel
  6515 | D:5      | Killed Pikel
  6515 | D:5      | Reached skill level 7 in Fighting
  6711 | D:6      | Got a scorched battleaxe
  6712 | D:6      | Identified the +4 battleaxe of the End of Times {chop, rElec Str+3 Int-4} (You found it on level 6 of the Dungeon)
  7249 | D:7      | Reached * piety under Wu Jian
  7961 | D:8      | Found a sparkling altar of Nemelex Xobeh.
  7963 | D:8      | Found a white marble altar of Elyvilon.
  8106 | D:8      | Reached XP level 10. HP: 56/56 MP: 20/20
  8257 | D:8      | Reached skill level 8 in Fighting
  8669 | D:8      | Noticed Erica
  8703 | D:8      | Killed Erica
  8703 | D:8      | Reached ** piety under Wu Jian
  8891 | D:8      | Paralysed by a hornet for 2 turns
  9114 | D:8      | Reached skill level 5 in Armour
  9239 | D:9      | Found a basalt altar of Yredelemnul.
  9240 | D:9      | Found a stormy altar of Qazlal.
  9572 | D:9      | Reached skill level 5 in Short Blades
  9609 | D:9      | Found a staircase to the Orcish Mines.
  9742 | D:9      | Reached XP level 11. HP: 37/60 MP: 19/23
  9953 | D:9      | Found a radiant altar of Vehumet.
  9953 | D:9      | Found a bloodstained altar of Trog.
  9956 | D:9      | Found a burning altar of Makhleb.
 10162 | D:10     | Entered Level 10 of the Dungeon
 10162 | D:10     | Noticed Harold
 10395 | D:9      | Killed Harold
 10672 | D:10     | Noticed Sonja
 10688 | D:10     | Reached skill level 9 in Fighting
 10882 | D:9      | Killed Sonja
 10991 | D:10     | Found a staircase to the Lair.
 11050 | D:10     | Noticed Grum
 11073 | D:10     | Killed Grum
 11075 | D:10     | HP: 3/62 [wolf[Grum] (1)]
 11077 | D:10     | HP: 1/62 [poisoned by Grum]
 11078 | D:10     | Succumbed to Grum's poison

Skill      XL: |  1  2  3  4  5  6  7  8  9 10 11 |
---------------+----------------------------------+-----
Fighting       | 1 2 3 4 5 6 7 8 9 |  9.1
Spellcasting   | 3 4 5 6 7 8 |  8.1
Ice Magic      | 4 5 6 |  6.9
Armour         | 1 2 3 4 5 6 |  6.0
Short Blades   | 2 3 5 6 |  6.0
Conjurations   | 3 4 |  4.7
Dodging        | |  1.5
Stealth        | |  2.4

Action                   |  1- 3 |  4- 6 |  7- 9 | 10-12 || total
-------------------------+-------+-------+-------+-------++-------
Melee: Short sword       |    40 |   119 |       |       ||   159
       Bite              |    10 |    40 |    87 |   128 ||   265
       Scythe            |       |    12 |    22 |       ||    34
       Rapier            |       |       |   228 |   372 ||   600
       Dagger            |       |       |    14 |       ||    14
Throw: Stone             |       |     1 |       |       ||     1
 Cast: Freeze            |     4 |       |       |       ||     4
       Throw Frost       |    22 |    46 |   135 |    23 ||   226
       Throw Icicle      |       |       |       |    37 ||    37
Invok: Lunge             |       |       |     7 |    14 ||    21
       Whirlwind         |       |       |       |     2 ||     2
       Wall Jump         |       |       |       |     1 ||     1
Evoke: Wand              |       |       |     2 |     4 ||     6
  Use: Scroll            |     6 |     1 |     8 |     2 ||    17
       Potion            |       |       |       |     2 ||     2
 Stab: Sleeping          |     4 |     1 |     2 |     1 ||     8
  Eat: Chunk             |     4 |     7 |    15 |    13 ||    39
       Ration            |       |     1 |       |       ||     1
Armor: Robe              |    17 |    30 |    71 |   107 ||   225
       Leather armour    |       |    24 |       |       ||    24
Dodge: Dodged            |    48 |    86 |   139 |   201 ||   474
